 Dungeon Crawl Stone Soup version 0.31.0-11-ge490571c62 (webtiles) character file.

Game seed: 8106277875257892716

469 qw the Skirmisher (level 6, -1/36 HPs)
             Began as a Deep Elf Hunter on Feb 4, 2024.
             Incinerated by a bombardier beetle (5 damage)
             ... with a burning spray
             ... on level 5 of the Dungeon.
             The game lasted 00:00:15 (3333 turns).

qw the Skirmisher (Deep Elf Hunter)                 Turns: 3333, Time: 00:00:15

Health: -1/36      AC: 13    Str: 10    XL:     6   Next: 82%
Magic:  8/8        EV: 11    Int: 14    God:
Gold:   338        SH:  0    Dex: 18    Spells: 5/5 levels left

rFire   . . .        a - +2 shortbow
rCold   . . .        (shield currently unavailable)
rNeg    . . .        i - +1 ring mail
rPois   .            e - +2 helmet
rElec   .            (no cloak)
rCorr   .            (no gloves)
SInv    .            (no boots)
Will    .....        (no amulet)
Stlth   +            b - +4 ring of protection
HPRegen 0.26/turn    (no ring)
MPRegen 0.11/turn

%: no passive effects
@: on fire, about to teleport, glowing
A: no striking features
a: no special abilities


You were on level 5 of the Dungeon.
You visited 1 branch of the dungeon, and saw 5 of its levels.

You collected 338 gold pieces.


   Skills:
 - Level 2.5 Fighting
 - Level 10.1 Ranged Weapons
 + Level 0.0 Armour
 - Level 3.0 Dodging
 - Level 1.2 Stealth


You had 5 spell levels left.
You didn't know any spells.
Your spell library was empty.

Inventory:

Hand Weapons
 a - a +2 shortbow (weapon)
Armour
 e - a +2 helmet (worn)
 i - a +1 ring mail (worn)
Jewellery
 b - a +4 ring of protection (left hand)
Potions
 c - a potion of resistance {unknown}
 d - a potion of haste {unknown}
 f - a potion of curing {unknown}
 h - 2 potions of might {unknown}

Dungeon Overview and Level Annotations

Branches:
Dungeon (5/15)
 Temple: D:4-7

Altars:
Hepliaklqana
Kikubaaqudgha
Qazlal


Message History

The bombardier beetle is heavily wounded.
The bombardier beetle closely misses you.
You shoot an arrow.
The arrow hits the bombardier beetle but does no damage.
The bombardier beetle is heavily wounded.
You shoot an arrow.
The arrow barely misses the bombardier beetle.
The bombardier beetle sprays incendiary fluid at you.
The burning spray hits you.
You are covered in liquid fire!
You shoot an arrow.
The arrow barely misses the bombardier beetle.
The liquid fire burns you!
You shoot an arrow. The arrow hits the bombardier beetle.
The bombardier beetle is almost dead.
The liquid fire burns you!
The bombardier beetle bites you but does no damage.
You shoot an arrow. The arrow hits the bombardier beetle.
The bombardier beetle is almost dead.
The liquid fire burns you!
The bombardier beetle bites you but does no damage.
You shoot an arrow.
The arrow barely misses the bombardier beetle.
The liquid fire burns you!
You shoot an arrow.
The arrow closely misses the bombardier beetle.
The liquid fire burns you!
The bombardier beetle closely misses you.
You shoot an arrow.
The arrow barely misses the bombardier beetle.
The liquid fire burns you!
3332 ||| READING scroll of teleportation.
As you read the scroll of teleportation, it crumbles to dust.
You feel strangely unstable. The liquid fire burns you!
The bombardier beetle bites you but does no damage.
You shoot an arrow. The arrow hits the bombardier beetle.
The bombardier beetle is almost dead.
The liquid fire burns you!
You die...

#.# #.## #..#
##.## ## #..## ..
#####..## .###
#.......## ...
#........######B#
#...........%.@.#
#.......#######.#
#.......# ..#
.........# ....
#........# .....
..######## .....#
.....# .....#


You could see a bombardier beetle.

Vanquished Creatures
  A bullfrog (D:4)
  2 scorpions (D:4)
  An orc priest (D:4)
  2 hounds
  8 adders
  3 ribbon worms
  A dart slug (D:3)
  15 orcs
  4 endoplasms
  5 giant cockroaches
  10 goblins
  8 hobgoblins
  9 kobolds
  5 quokkas
  7 ball pythons
  5 bats
  6 frilled lizards
  9 rats
101 creatures vanquished.

Notes
Turn   | Place    | Note
-------+----------+-------------------------------------------
     0 | D:1      | qw the Deep Elf Hunter began the quest for the Orb.
     0 | D:1      | Reached XP level 1. HP: 12/12 MP: 3/3
     0 | D:1      | 0 ||| qw: Version: 0.3-a-160-g6735b56
     0 | D:1      | 0 ||| qw: Game counter: 5587
     0 | D:1      | 0 ||| qw: Melee chars always use a shield: true
     0 | D:1      | 0 ||| qw: God list: Okawaru
     0 | D:1      | 0 ||| qw: Allow faded altars: false
     0 | D:1      | 0 ||| qw: Do Orc after clearing Dungeon:15 true
     0 | D:1      | 0 ||| qw: Do second Lair branch before Depths: true
     0 | D:1      | 0 ||| qw: Lair rune preference: random
     0 | D:1      | 0 ||| qw: Goals: Normal
     0 | D:1      | 0 ||| PLANNING D:1-11
   124 | D:1      | Reached XP level 2. HP: 16/16 MP: 4/4
   126 | D:1      | Reached skill level 6 in Ranged Weapons
   597 | D:1      | Reached XP level 3. HP: 20/20 MP: 5/5
   682 | D:1      | 682 ||| UPGRADING to +0 helmet.
   687 | D:1      | 687 ||| READING scroll labelled KASULI HAECOP.
   687 | D:1      | 687 ||| ENCHANTING +0 helmet.
   688 | D:1      | 688 ||| READING scroll labelled CIODAOT JUFF.
   688 | D:1      | 688 ||| IDENTIFYING grey potion
   689 | D:1      | 689 ||| DROPPING scroll of butterflies.
   690 | D:1      | 690 ||| DROPPING potion of brilliance.
   763 | D:2      | Reached skill level 7 in Ranged Weapons
   788 | D:2      | 788 ||| READING scroll of enchant armour.
   788 | D:2      | 788 ||| ENCHANTING +1 helmet.
  1082 | D:2      | Reached XP level 4. HP: 25/25 MP: 6/6
  1699 | D:2      | 1699 ||| UPGRADING to +0 ring mail.
  1709 | D:2      | 1709 ||| DROPPING +0 leather armour.
  1710 | D:2      | 1710 ||| READING scroll labelled UPHEX ROASINLIU.
  1711 | D:2      | 1711 ||| READING scroll labelled DEECSEVACU.
  1712 | D:2      | 1712 ||| READING scroll labelled INUF ZIESI.
  1803 | D:3      | Reached skill level 8 in Ranged Weapons
  1814 | D:3      | 1814 ||| FLEEEEING.
  1816 | D:3      | 1816 ||| FLEEEEING.
  1817 | D:3      | 1817 ||| FLEEEEING.
  1819 | D:3      | 1819 ||| FLEEEEING.
  1821 | D:3      | 1821 ||| FLEEEEING.
  1822 | D:3      | 1822 ||| FLEEEEING.
  1823 | D:3      | 1823 ||| FLEEEEING.
  1824 | D:3      | 1824 ||| FLEEEEING.
  1826 | D:3      | 1826 ||| FLEEEEING.
  1829 | D:3      | 1829 ||| STAIRDANCE
  1844 | D:3      | 1844 ||| STAIRDANCE
  1865 | D:3      | 1865 ||| STAIRDANCE
  1955 | D:3      | 1955 ||| READING scroll of enchant armour.
  1955 | D:3      | 1955 ||| ENCHANTING +0 ring mail.
  2008 | D:3      | Reached XP level 5. HP: 25/29 MP: 7/7
  2253 | D:3      | Found an ancient bone altar of Kikubaaqudgha.
  2284 | D:3      | Found a stormy altar of Qazlal.
  2784 | D:3      | 2784 ||| READING scroll labelled YLUYRHIPRUE.
  2785 | D:3      | 2785 ||| READING scroll labelled NESAYF ARHYUWK.
  2785 | D:3      | 2785 ||| ENCHANTING +0 shortbow.
  2786 | D:3      | 2786 ||| READING 2 scrolls labelled BEKHIU SAIN.
  2824 | D:4      | 2824 ||| READING scroll of enchant weapon.
  2824 | D:4      | 2824 ||| ENCHANTING +1 shortbow.
  2843 | D:4      | Reached skill level 9 in Ranged Weapons
  2866 | D:4      | Reached XP level 6. HP: 35/36 MP: 8/8
  2904 | D:4      | Found a hazy altar of Hepliaklqana.
  3064 | D:4      | Reached skill level 10 in Ranged Weapons
  3252 | D:4      | 3252 ||| UPGRADING to +4 ring of protection.
  3262 | D:5      | Entered Level 5 of the Dungeon
  3308 | D:5      | Reached skill level 3 in Dodging
  3331 | D:5      | HP: 9/36 [burnt (5)]
  3332 | D:5      | 3332 ||| READING scroll of teleportation.
  3332 | D:5      | HP: 4/36 [burnt (5)]
  3333 | D:5      | Incinerated by a bombardier beetle

Levels and vault maps discovered:
D:1:      lightli_arrival_noodles, layout_basic, minmay_tetromino_i2
D:2:      layout_basic, serial_park_tiny_2, chequers_serial_rivers_small_b,
          grunt_ministairs_3
D:3:      layout_basic, lemuel_tele_altar, kiku_gazebo_pond_becter
D:4:      layout_gridville, mainiacjoe_overflow_24_doors
D:5:      layout_basic, gammafunk_ghost_cemetery, uniq_crazy_yiuf_cottage

Skill      XL: |  1  2  3  4  5  6 |
---------------+-------------------+-----
Ranged Weapons | 6 7 8 9 10 | 10.1
Fighting       | 2 |  2.5
Dodging        | 3 |  3.0
Stealth        | |  1.2

Action                     |  1- 3 |  4- 6 || total
---------------------------+-------+-------++-------
   Fire: Shortbow          |   125 |   232 ||   357
    Use: Scroll            |     3 |     9 ||    12
 Armour: Leather armour    |    12 |    13 ||    25
         Ring mail         |       |    40 ||    40
  Dodge: Dodged            |    23 |    72 ||    95

Table legend:
 A = Non-vault XP
 B = Vault XP
 C = Vault XP percentage of total XP
 D = Non-vault monster count
 E = Vault monster count
 F = Vault count percentage of total count
                 A         B        C        D         E       F
            +---------+---------+-------+---------+---------+-------
      Total |     664 |       7 |   1.0 |      97 |       4 |   4.0
            +---------+---------+-------+---------+---------+-------
        D:1 |      39 |       3 |   7.1 |      25 |       2 |   7.4
        D:2 |      82 |       4 |   4.7 |      25 |       2 |   7.4
        D:3 |     109 |       0 |   0.0 |      21 |       0 |   0.0
        D:4 |     420 |       0 |   0.0 |      25 |       0 |   0.0
        D:5 |      14 |       0 |   0.0 |       1 |       0 |   0.0
            +---------+---------+-------+---------+---------+-------
